 Dungeon Crawl Stone Soup version 0.29.1-15-g9cfb28693d (webtiles) character file.

Game seed: 5962846238372349165

216 Anriel the Magician (level 5, -4/28 HPs)
             Began as a Deep Elf Hedge Wizard on Feb 22, 2023.
             Slain by Menkaure (10 damage)
             ... on level 4 of the Dungeon.
             The game lasted 00:22:57 (3282 turns).

Anriel the Magician (Deep Elf Hedge Wizard)         Turns: 3282, Time: 00:22:58

Health: -4/28      AC:  3    Str:  7    XL:     5   Next: 61%
Magic:  3/15       EV: 14    Int: 21    God:
Gold:   261        SH:  0    Dex: 20    Spells: 10/16 levels left

rFire   . . .      SeeInvis .   a - +0 dagger (protect)
rCold   . . .      Faith    .   (no shield)
rNeg    . . .      Spirit   .   b - +1 robe
rPois   +          Reflect  .   c - +0 hat
rElec   .          Harm     .   (no cloak)
rCorr   .          Rampage  .   (no gloves)
Will    .....                   (no boots)
Stlth   ++........              (no amulet)
HPRegen 0.09/turn               s - ring "Peicapp" {rPois Dex+6}
MPRegen 0.14/turn               (no ring)

@: on blink cooldown
A: no striking features
a: no special abilities


You were on level 4 of the Dungeon.
You visited 1 branch of the dungeon, and saw 4 of its levels.

You collected 261 gold pieces.

Inventory:

Hand Weapons
 a - a +0 dagger of protection (weapon)
 i - a +0 short sword of protection
Armour
 b - a +1 robe (worn)
 c - a +0 hat (worn)
 e - a +0 leather armour
Jewellery
 j - a +6 ring of strength
 s - the ring "Peicapp" (left hand) {rPois Dex+6}
   (You found it on level 2 of the Dungeon)

   [ring of poison resistance]

   Dex:       It affects your dexterity (+6).
   rPois:     It protects you from poison.
 t - an amulet of reflection
Wands
 u - a wand of flame (11)
Scrolls
 f - a scroll of summoning
 q - a scroll of fog {unknown}
 r - a scroll of poison
 v - a scroll of brand weapon
Potions
 d - 2 potions of mutation {unknown}
 g - a potion of resistance
 h - 3 potions of brilliance
 k - a potion of ambrosia {unknown}
 l - a potion of haste {unknown}
 m - a potion of curing {unknown}
 n - a potion of heal wounds {unknown}
 o - 3 potions of might
 p - a potion of flight {unknown}


   Skills:
 + Level 4.5 Dodging
 - Level 2.4 Stealth
 - Level 6.1 Spellcasting
 - Level 3.0 Conjurations
 + Level 2.1 Hexes
 + Level 1.1 Summonings
 - Level 1.1 Translocations


You had 10 spell levels left.
You knew the following spells:

 Your Spells              Type           Power      Damage    Failure   Level
a - Magic Dart            Conj           76%        1d6       2%          1
b - Blink                 Tloc           22%        N/A       10%         2
c - Slow                  Hex            60%        N/A       4%          1
d - Call Imp              Summ           11%        N/A       9%          2

Your spell library contained the following spells:

 Spells                   Type           Power      Damage    Failure   Level
 Conjure Flame            Conj/Fire      12%        6-21      16%         3
 Gell's Gravitas          Tloc           11%        N/A       19%         3
 Lesser Beckoning         Tloc           11%        N/A       19%         3
 Mephitic Cloud           Conj/Pois/Air  10%        N/A       19%         3
 Teleport Other           Tloc           11%        N/A       19%         3
 Fireball                 Conj/Fire      6%         3d5       82%         5
 Manifold Assault         Tloc           11%        N/A       86%         5
 Starburst                Conj/Fire      6%         6d4       100%        6
 Ignition                 Fire           3%         3d4       100%        8


Dungeon Overview and Level Annotations

Branches:
Dungeon (4/15)
 Temple: D:4-7

Altars:
Ashenzari
Kikubaaqudgha
Ru

Annotations:
D:4 Menkaure


Message History

Your crimson imp says, "I bow to your vassalage, O magnificent and rosy-lipped magnate!"
Your crimson imp blinks!
Casting: Call Imp (safe; 9% risk of failure)
Confirm with . or Enter, or press ? or * to list all spells.
A beastly little devil appears in a puff of flame.
Menkaure barely misses you.
Aiming: Magic Dart (safe; 2% risk of failure)
Press: ? - help, Q - select action, (/) - cycle Shift-Dir - straight line, f/p - Menkaure
Aim: Menkaure (heavily damaged, fast, ally target, 100% to hit)
The magic dart hits Menkaure.
Menkaure is severely damaged.
Menkaure barely misses you.
Your crimson imp hits Menkaure but does no damage.
Aiming: Magic Dart (safe; 2% risk of failure)
Press: ? - help, Q - select action, (/) - cycle Shift-Dir - straight line, f/p - Menkaure
Aim: Menkaure (severely damaged, fast, ally target, 100% to hit)
The magic dart hits Menkaure.
Menkaure is severely damaged.
Menkaure hits you!
Ouch! That really hurt!
* * * LOW HITPOINT WARNING * * *
Your crimson imp barely misses Menkaure.
Okay, then.
Casting: Magic Dart (safe; 2% risk of failure)
Confirm with . or Enter, or press ? or * to list all spells.
You blink.
Menkaure barely misses your crimson imp.
Your crimson imp blinks!
Aiming: Magic Dart (safe; 2% risk of failure)
Press: ? - help, Q - select action, (/) - cycle Shift-Dir - straight line, f/p - Menkaure
Aim: Menkaure (severely damaged, fast, 100% to hit)
The magic dart hits Menkaure.
Menkaure is almost destroyed.
Aiming: Magic Dart (safe; 2% risk of failure)
Press: ? - help, Q - select action, (/) - cycle Shift-Dir - straight line, f/p - Menkaure
Aim: Menkaure (almost destroyed, fast, 100% to hit)
The magic dart hits Menkaure.
Menkaure is almost destroyed.
Menkaure hits you!
You die...

.#.## .....#.######## #...#
#..#.#.##.....# .#.##
#...... ......# ..#.# #
#..#..# #.....# .#.###
#.#.##..###.....# #....#
#.#.##..#..?....#
.#.#.###...5ยง..#.##.#
..#...####.###......#
.#.##.........>M@####
#...###.#........# .#.##
#..#######.## ##
..#.###.#..~~~..#.## ..
.#.###.#..~...~..#.## .##
#.....#...~._.~...#.###...#
#.###..#..~...~..#........#
).###.#.#..~~~..#....##...#
## <........#######.###.##
# #.


You could see Menkaure (fast, ally target) and a friendly crimson imp
(summoned).

Vanquished Creatures
  A black bear (D:4)
  3 gnolls (D:3)
  An adder (D:2)
  A worm (D:2)
  A dart slug (D:2)
  7 orcs (D:3)
  7 ball pythons
  4 bats
  8 endoplasms
  2 giant cockroaches
  5 goblins
  4 hobgoblins
  6 kobolds
  3 quokkas
  2 frilled lizards (D:1)
  8 rats
63 creatures vanquished.

Vanquished Creatures (collateral kills)
  2 orcs (D:3)
  An endoplasm (D:2)
  3 hobgoblins
6 creatures vanquished.

Grand Total: 69 creatures vanquished

Notes
Turn   | Place    | Note
-------+----------+-------------------------------------------
     0 | D:1      | Anriel the Deep Elf Hedge Wizard began the quest for the
                  | Orb.
     0 | D:1      | Reached XP level 1. HP: 10/10 MP: 7/7
    38 | D:1      | Found a faded altar of an unknown god.
   145 | D:1      | Reached XP level 2. HP: 15/15 MP: 2/9
   148 | D:1      | Learned a level 2 spell: Blink
   152 | D:1      | Learned a level 1 spell: Slow
   155 | D:1      | Learned a level 2 spell: Call Imp
   804 | D:2      | Reached skill level 5 in Spellcasting
   805 | D:2      | Reached XP level 3. HP: 4/19 MP: 1/11
  1178 | D:2      | Identified the ring "Peicapp" {rPois Dex+6}
  1680 | D:3      | Reached XP level 4. HP: 23/24 MP: 7/13
  2514 | D:4      | Found a broken altar of Ashenzari.
  2579 | D:4      | Found an ancient bone altar of Kikubaaqudgha.
  2659 | D:4      | Noticed a black bear
  2811 | D:4      | Killed a black bear
  2812 | D:4      | Reached skill level 6 in Spellcasting
  2812 | D:4      | Reached XP level 5. HP: 22/28 MP: 5/15
  3052 | D:4      | Found a sacrificial altar of Ru.
  3259 | D:4      | Noticed Menkaure
  3282 | D:4      | Slain by Menkaure

Illustrated notes

Levels and vault maps discovered:
D:1:      dpeg_arrival_windows_large_door, layout_rooms,
          chequers_ecumenical_altar_simple
D:2:      layout_loops_ring, minmay_tromino_v4_a
D:3:      layout_basic
D:4:      layout_loops_cross, nicolae_ru_awakened_eye,
          nicolae_ashenzari_skybound, general_overflow_altar, corexii_shack,
          corexii_mini_fake_secret_closet, kennysheep_crisscross, uniq_menkaure

Skill      XL: |  1  2  3  4 |
---------------+-------------+-----
Dodging        | 3 4 |  4.5
Conjurations   | 2 3 |  3.0
Spellcasting   | 5 6 |  6.1
Hexes          | 2 |  2.1
Stealth        | |  2.4
Summonings     | |  1.1
Translocations | |  1.1

Action                   |  1- 3 |  4- 6 || total
-------------------------+-------+-------++-------
Melee: Dagger            |    26 |    13 ||    39
       Punch             |     1 |       ||     1
 Cast: Magic Dart        |    99 |    61 ||   160
       Call Imp          |     3 |     7 ||    10
       Blink             |     2 |     3 ||     5
       Slow              |     1 |    20 ||    21
  Use: Scroll            |     8 |     5 ||    13
       Potion            |     1 |     2 ||     3
 Stab: Sleeping          |     4 |     4 ||     8
Armor: Robe              |     4 |     6 ||    10
Dodge: Dodged            |    16 |    15 ||    31
